 Dungeon Crawl Stone Soup version 0.28-a0-628-g3c9886e45e (webtiles) character file.

Game seed: 8643798399539102961

7004 sanka the Martial Artist (level 10, -10/88 HPs)
             Began as a Demigod Transmuter on Oct 8, 2021.
             Killed from afar by an orc wizard (11 damage)
             ... with a magic dart
             ... on level 9 of the Dungeon.
             The game lasted 00:26:27 (15976 turns).

sanka the Martial Artist (Demigod Transmuter)      Turns: 15976, Time: 00:26:27

Health: -10/88     AC:  2    Str: 11    XL:     10   Next: 53%
Magic:  15/16      EV: 26    Int: 27    God:
Gold:   283        SH:  5    Dex: 19    Spells: 7/13 levels left

rFire   . . .      SeeInvis .     - Unarmed
rCold   + . .      Faith    .   (shield currently unavailable)
rNeg    . . .      Spirit   .   (armour currently unavailable)
rPois   x          Reflect  +   (helmet currently unavailable)
rElec   .          Harm     .   (cloak currently unavailable)
rCorr   +          Rampage  .   (gloves currently unavailable)
Will    +....                   (boots currently unavailable)
Stlth   ++........              B - amulet of reflection
HPRegen 0.24/turn               y - ring of protection from cold
MPRegen 0.15/turn               i - ring of resist corrosion

@: spider-form
A: venomous fangs, tiny, high mp 1, forlorn
a: End Transformation


You were on level 9 of the Dungeon.
You were a venomous arachnid creature.
You visited 1 branch of the dungeon, and saw 9 of its levels.

You collected 492 gold pieces.
You spent 209 gold pieces at shops.


Innate Abilities, Weirdness & Mutations

You are a venomous arachnid creature.
You have poisonous fangs.
You are tiny and dextrous.
Your spellcasting is less reliable in this form.
Your armour is entirely melded.
You are incapable of wielding weapons or throwing items.
Your attributes grow dramatically as you level up.
You have an increased reservoir of magic. (+10% MP)
You shall have no god before yourself.


   Skills:
 + Level 8.0 Fighting
 + Level 8.2 Dodging
 + Level 8.4 Unarmed Combat
 - Level 2.0 Spellcasting
 - Level 7.0 Transmutations


You had 7 spell levels left.
You knew the following spells:

 Your Spells              Type           Power      Damage    Failure   Level
x - Spider Form           Tmut/Pois      10%        N/A       19%         3
y - Wereblood             Tmut           40%        N/A       4%          2
z - Beastly Appendage     Tmut           80%        N/A       3%          1

Your spell library contained the following spells:

 Spells                   Type           Power      Damage    Failure   Level
 Ignite Poison            Fire/Tmut/Pois 15%        N/A       28%         3
 Slow                     Hex            2%         N/A       32%         2
 Ice Form                 Ice/Tmut       21%        N/A       43%         4
 Confusing Touch          Hex            2%         N/A       50%         3
 Conjure Flame            Conj/Fire      2%         6-21      50%         3
 Yara's Violent Unravell  Hex/Tmut       10%        3d6       75%         5
 Sticky Flame             Conj/Fire      2%         2d3       85%         4

Inventory:

Missiles
 r - 2 throwing nets {=f}
 u - a curare-tipped dart {=f}
Armour
 j - a +2 pair of boots (melded)
 l - a +0 helmet (melded)
 o - a scarf of resistance (melded)
 C - +0 steam dragon scales (melded)
Jewellery
 i - a ring of resist corrosion (right front leg)
 y - a ring of protection from cold (left front leg)
 B - an amulet of reflection (around neck)
Wands
 g - a wand of digging (4)
 s - a wand of polymorph (9)
 z - a wand of acid (8)
Scrolls
 a - a scroll of fear
 c - a scroll of amnesia
 d - 3 scrolls of enchant armour {unknown}
 h - 3 scrolls of teleportation {@r4}
 k - a scroll of enchant weapon
 m - 2 scrolls of fog
 p - a scroll of vulnerability {!r}
 w - a scroll of brand weapon {unknown}
 D - a scroll of identify {@r1}
Potions
 b - 4 potions of lignification {unknown}
 e - 2 potions of curing {@q1}
 f - a potion of mutation {unknown}
 n - a potion of resistance {unknown}
 q - a potion of attraction {unknown}
 t - 2 potions of haste {@q3}
 v - a potion of brilliance {unknown}
 x - a potion of might
 A - a potion of berserk rage {unknown}

Dungeon Overview and Level Annotations

Branches:
Dungeon (9/15)             Temple (0/1) D:7             Orc (0/2) D:9
   Lair: D:8-11

Shops:
D:1 !   D:3 !   D:4 *!? D:9

( ......▒ ▒≈≈≈▒▒....▒▒####......▒
......▒▒▒≈≈▒▒......▒▒#≈.......▒▒▒
.........≈≈▒..▒▒'▒..▒###......>.▒
.........#≈▒..▒ (▒..▒##.▒▒▒....▒▒
▒...▒▒▒▒.≈≈▒..▒ ▒..▒#≈▒▒ ▒▒▒.▒▒
▒▒..▒ ▒..≈≈▒..▒▒▒▒..▒#≈ ▒▒▒ ▒▒▒▒
▒..##▒▒......▒▒≈≈
▒▒.###▒▒.Y{.▒▒≈≈≈
▒.##≈8▒▒#s▒▒8#≈▒
▒▒..≈≈##8#.8##≈#▒
▒▒....≈≈#.######▒
▒▒......##≈#.##≈▒▒
▒........≈≈##≈≈▒▒
▒▒....▒▒..##≈≈▒▒ ▒▒.▒▒▒▒▒..#▒▒▒
▒▒▒ ▒▒▒▒▒


You could see a catoblepas (extremely poisoned).


Message History

Unknown command.
The orc wizard shouts!
The catoblepas gores you!!
The orc wizard mumbles some strange words.
The orc wizard flickers and vanishes!
Deactivating autopickup; reactivate with Ctrl-A.
There is a large open door here.
Unknown command.
You hit the catoblepas.
The catoblepas is lightly wounded.
The catoblepas barely misses you.
You hit the catoblepas but do no damage.
The catoblepas is lightly wounded.
The catoblepas gores you!!
* * * LOW HITPOINT WARNING * * *
You hit the catoblepas.
The catoblepas is poisoned.
The catoblepas is lightly wounded.
You hit the catoblepas but do no damage.
The catoblepas looks as sick as possible!
The catoblepas is lightly wounded.
The catoblepas gores you!!
* * * LOW HITPOINT WARNING * * *
The catoblepas breathes a plume of calcifying dust at you.
The blast of calcifying dust hits you!
* * * LOW HITPOINT WARNING * * *
You hear some strange, mumbled words.
A magic dart appears from out of thin air!
The magic dart hits you!
You die...

Action                   |  1- 3 |  4- 6 |  7- 9 | 10-12 || total
-------------------------+-------+-------+-------+-------++-------
Melee: Unarmed           |    91 |   218 |   456 |   149 ||   914
       Kick              |    21 |    21 |       |       ||    42
       Headbutt          |    10 |    10 |       |       ||    20
 Cast: Beastly Appendage |    27 |    21 |       |       ||    48
       Spider Form       |     2 |    17 |    54 |    11 ||    84
       Wereblood         |       |       |       |     4 ||     4
  Use: Scroll            |       |       |     8 |       ||     8
       Potion            |       |       |     2 |     1 ||     3
 Stab: Sleeping          |     1 |       |     1 |       ||     2
Armor: Robe              |    15 |    19 |     3 |       ||    37
       Skin              |       |     6 |    18 |     3 ||    27
       Steam dragon scal |       |       |     2 |     2 ||     4
Dodge: Dodged            |    53 |   145 |   423 |   110 ||   731
Block: Other             |       |       |    43 |    24 ||    67
       Reflection        |       |       |     2 |     5 ||     7

Levels and vault maps discovered:
D:1:      eino_arrival_water_cross, layout_basic,
          shapermc_ecumenical_altar_mp_urbaneastern, serial_shops, shop
D:2:      layout_loops_corners, grunt_ministairs_6, st_stairs_1, uniq_natasha,
          uniq_terence
D:3:      layout_loops_ring, serial_shops, shop, minmay_pentomino_pile
D:4:      layout_loops_ring, serial_shops, nicolae_take_the_stairs,
          nicolae_lakefront_shop, shop, lexackson_kobold_supper
D:5:      layout_rooms, gammafunk_temple_overflow_wave, st_stairs_14
D:6:      layout_layer_cave, minivault_25, chequers_serial_rivers_small_3,
          serial_bayou_pond_d
D:7:      layout_basic, nicolae_overflow_hidden_temple, marbit_many_paths,
          minmay_temple_entry_enclosed_plants, uniq_duvessa
D:8:      layout_loops_ring, mainiacjoe_overflow_brackets,
          nicolae_uskayaw_dance_hall, minmay_misc_feat_columns
D:9:      layout_cave_pools, hiddenorc2_lemuel, serial_shops, shop,
          kennysheep_island_fort

Notes
Turn   | Place    | Note
-------+----------+-------------------------------------------
     0 | D:1      | sanka the Demigod Transmuter began the quest for the Orb.
     0 | D:1      | Reached XP level 1. HP: 15/15 MP: 5/5
    95 | D:1      | Reached skill level 2 in Spellcasting
    95 | D:1      | Reached skill level 2 in Transmutations
   170 | D:1      | Found Duckikac's Distillery.
   371 | D:1      | Reached XP level 2. HP: 16/22 MP: 5/7
   847 | D:1      | Reached skill level 3 in Transmutations
  1457 | D:2      | Reached XP level 3. HP: 27/27 MP: 6/8
  1461 | D:2      | Learned a level 2 spell: Wereblood
  1465 | D:2      | Learned a level 3 spell: Spider Form
  1899 | D:2      | Noticed Terence
  1911 | D:2      | Killed Terence
  2094 | D:2      | Noticed Natasha
  2101 | D:2      | Killed Natasha
  2102 | D:2      | Reached skill level 4 in Transmutations
  2102 | D:2      | Reached XP level 4. HP: 34/34 MP: 5/9
  2744 | D:2      | Noticed Natasha
  2754 | D:2      | Killed Natasha
  3033 | D:2      | Noticed Natasha
  3052 | D:2      | Killed Natasha
  3053 | D:2      | Reached XP level 5. HP: 39/39 MP: 7/10
  3774 | D:3      | Reached skill level 5 in Transmutations
  4029 | D:3      | Found Gyrghimig's Distillery.
  5223 | D:4      | Found Lemoxkun's Magic Scroll Shoppe.
  5563 | D:4      | Reached skill level 6 in Transmutations
  5563 | D:4      | Reached XP level 6. HP: 39/46 MP: 11/11
  5815 | D:4      | Found Upiuluome's General Store.
  5987 | D:4      | Found Vyitavuc's Distillery.
  6382 | D:5      | Entered Level 5 of the Dungeon
  6394 | D:5      | Reached skill level 7 in Transmutations
  6394 | D:5      | Reached skill level 1 in Fighting
  6480 | D:5      | Reached skill level 2 in Dodging
  6480 | D:5      | Reached skill level 3 in Unarmed Combat
  6480 | D:5      | Reached XP level 7. HP: 45/52 MP: 10/13
  6624 | D:5      | Identified a scarf of resistance
  6681 | D:5      | Reached skill level 2 in Fighting
  7090 | D:5      | Reached skill level 3 in Dodging
  7345 | D:4      | Bought a potion of might for 44 gold pieces
  7345 | D:4      | Bought a potion of haste for 110 gold pieces
  7345 | D:4      | Bought a potion of heal wounds for 55 gold pieces
  7503 | D:5      | Reached skill level 4 in Unarmed Combat
  7587 | D:5      | Reached skill level 3 in Fighting
  8385 | D:6      | Reached XP level 8. HP: 8/58 MP: 14/14
  9268 | D:6      | Reached skill level 4 in Dodging
 10400 | D:7      | Reached skill level 4 in Fighting
 10524 | D:7      | Reached skill level 5 in Unarmed Combat
 10807 | D:7      | HP: 3/67 [sky beast (5)]
 10812 | D:7      | HP: 3/67 [kobold/stone (1)]
 10829 | D:7      | Reached skill level 5 in Dodging
 11542 | D:7      | Reached skill level 5 in Fighting
 11823 | D:7      | Found a staircase to the Ecumenical Temple.
 11823 | D:7      | Noticed Duvessa
 11823 | D:7      | Noticed Dowan
 11841 | D:7      | Killed Duvessa
 11842 | D:7      | Reached XP level 9. HP: 40/74 MP: 13/15
 11850 | D:7      | Killed Dowan
 11851 | D:7      | Reached skill level 6 in Unarmed Combat
 12060 | D:7      | Upgraded the game from 0.28-a0-622-gbaef9634d7 to
                  | 0.28-a0-628-g3c9886e45e
 12365 | D:8      | Identified +0 steam dragon scales
 12482 | D:8      | Noticed a two-headed ogre
 12500 | D:8      | Killed a two-headed ogre
 12501 | D:8      | Reached skill level 6 in Fighting
 12501 | D:8      | Reached skill level 6 in Dodging
 13115 | D:8      | Reached skill level 7 in Unarmed Combat
 13220 | D:9      | Found Elir's Weapon Emporium.
 13240 | D:9      | Noticed a two-headed ogre
 13526 | D:9      | Noticed a catoblepas
 13731 | D:8      | Reached skill level 7 in Dodging
 14034 | D:9      | Reached XP level 10. HP: 73/84 MP: 12/16
 14041 | D:9      | Reached skill level 7 in Fighting
 14787 | D:9      | Reached skill level 8 in Unarmed Combat
 15011 | D:9      | Killed a two-headed ogre
 15012 | D:9      | Reached skill level 8 in Dodging
 15173 | D:9      | Identified the +1 leather armour "Deboc" {rElec rC+ Str+2
                  | Dex+3}
 15211 | D:9      | Found a staircase to the Orcish Mines.
 15508 | D:9      | Reached skill level 8 in Fighting
 15975 | D:9      | HP: 5/88 [catoblepas (32)]
 15976 | D:9      | HP: 1/88 [catoblepas/blast of calcifying dust (12)]
 15976 | D:9      | Killed from afar by an orc wizard

Vanquished Creatures
  2 two-headed ogres
  10 yaks (D:9)
  2 shadows
  A steam dragon (D:8)
  A water moccasin (D:7)
  Duvessa (D:7)
  A black bear (D:5)
  3 sky beasts (D:7)
  6 orc warriors
  2 ice beasts
  2 necrophages
  5 centaurs
  3 kobold brigands
  A phantom (D:7)
  A bullfrog (D:9)
  A gnoll sergeant (D:8)
  2 scorpions
  Dowan (D:7)
  5 killer bees
  4 wights
  A howler monkey (D:5)
  3 centaur zombies
  5 orc priests
  A centaur skeleton (D:5)
  2 hounds (D:5)
  A gnoll shaman (D:7)
  2 bullfrog skeletons
  Natasha (thrice) (D:2)
  Terence (D:2)
  2 iguanas
  6 orc wizards
  2 killer bee zombies
  A howler monkey skeleton (D:6)
  8 gnolls
  3 adders
  A white imp (D:5)
  An ufetubus (D:6)
  A worm (D:2)
  2 dart slugs
  59 orcs
  8 endoplasms
  5 giant cockroaches
  5 goblins
  5 hobgoblins
  11 jackals
  17 kobolds
  3 quokkas
  6 ball pythons
  6 bats
  2 frilled lizards
  A quokka skeleton (D:4)
  7 rats
235 creatures vanquished.

Vanquished Creatures (others)
  15 plants
15 creatures vanquished.

Grand Total: 250 creatures vanquished
